 Dungeon Crawl Stone Soup version 0.29-a0-872-g797fff5ad1 (webtiles) character file.

Game seed: 8125330050300495726

15 cojito the Cutter (level 2, -2/20 HPs)
             Began as a Meteoran Wanderer on July 19, 2022.
             Slain by Natasha (7 damage)
             ... on level 2 of the Dungeon.
             The game lasted 00:02:22 (358 turns).

cojito the Cutter (Meteoran Wanderer)                Turns: 358, Time: 00:02:23

Health: -2/20      AC:  6    Str: 10    XL:     2   Next: 88%
Magic:  4/5        EV:  9    Int: 12    God:
Gold:   39         SH:  0    Dex: 17    Spells: 2/3 levels left

rFire   . . .      SeeInvis .   a - +2 short sword
rCold   . . .      Faith    .   g - orb {*Rage}
rNeg    . . .      Spirit   .   b - +0 scale mail
rPois   .          Reflect  .   (no helmet)
rElec   .          Harm     .   (no cloak)
rCorr   .          Rampage  .   (no gloves)
Will    .....      Rage     20% (no boots)
Stlth   ..........              (no amulet)
HPRegen 0.06/turn               (no ring)
MPRegen 0.09/turn               (no ring)

@: brilliant, lethally poisoned (-2 -> -5), on berserk cooldown, attractive,
slowed, glowing, very slow
A: sense surroundings 1, otherworldly, glowing, explore regen
a: no special abilities


You were on level 2 of the Dungeon.
You visited 1 branch of the dungeon, and saw 2 of its levels.

You collected 39 gold pieces.

Inventory:

Hand Weapons
 a - a +2 short sword (weapon)
Armour
 b - a +0 scale mail (worn)
 g - an orb of wrath (worn)
Scrolls
 d - a scroll of torment {unknown}
 h - a scroll of amnesia {unknown}


   Skills:
 + Level 4.6 Short Blades
 - Level 1.2 Armour
 + Level 2.0 Dodging
 - Level 1.3 Spellcasting
 + Level 2.9 Summonings
 - Level 1.2 Invocations


You had 2 spell levels left.
You knew the following spells:

 Your Spells              Type           Power      Damage    Failure   Level
a - Summon Small Mammal   Summ           44%        N/A       52%         1

Your spell library contained the following spells:

 Spells                   Type           Power      Damage    Failure   Level
 Call Canine Familiar     Summ           11%        N/A       87%         3


Dungeon Overview and Level Annotations

Branches:
Dungeon (2/15) Zot: 839

Altars:

Annotations:
D:2 Natasha


Innate Abilities, Weirdness & Mutations

You passively map a small area around you.
You are easily found by Zot.
You glow in the dark.
You regain HP and MP as you explore.


Message History

Natasha wildly gestures.
Natasha shimmers violently.
The adder closely misses you.
You closely miss the adder.
The adder is severely wounded.
Something misses your rat. The adder bites you but does no damage.
Your rat closely misses the adder.
You barely miss the adder.
The adder is severely wounded.
The adder bites you but does no damage.
Something hits your rat but does no damage.
Your rat misses the adder. The adder bites you.
* * * LOW HITPOINT WARNING * * *
You are lethally poisoned!
The adder poisons you!
It was a potion of curing.
You feel better. The bat hits your rat.
The bat barely misses your rat. x2; The adder bites you.
Your rat bites the bat.
Natasha mumbles some strange words.
The adder closely misses you. The bat hits your rat.
Your rat bites the bat but does no damage.
It was a potion of attraction.
You feel attractive to monsters. The bat hits your rat.
Your rat dies!
Your rat's corpse disappears in a puff of smoke!
The adder bites you.
* * * LOW HITPOINT WARNING * * *
You are poisoned.
The adder poisons you!
Natasha casts a spell.
The adder bites you but does no damage.
Your magical contamination has completely faded away.
You hit the adder.
You kill the adder!
* * * LOW HITPOINT WARNING * * *
You feel sick.
Natasha mumbles some strange words.
You feel disoriented. Natasha claws you!
You die...

##.#.#* #.., ..#*.*
#.###.# #.# **#.#..
.##
#.#####.#####.#.#*
##
##.........(..#.# ,
.##
##.#####.##.##.#.##
#.###.##
#.##.##....#* ,
##.#.## #........#
, * ##.##
#.#####5.# , * ###
#.)..@h5.#
#####.#### ** #..,,
, #### , , * *


You could see an iron imp (summoned), Natasha and a crimson imp (summoned).

Vanquished Creatures
  An adder (D:2)
  4 ball pythons (D:1)
  2 endoplasms (D:1)
  A goblin (D:1)
  3 kobolds
  A quokka (D:2)
  A rat (D:1)
13 creatures vanquished.

Notes
Turn   | Place    | Note
-------+----------+-------------------------------------------
     0 | D:1      | cojito the Meteoran Wanderer began the quest for the Orb.
     0 | D:1      | cojito set off with the following items: a +2 short sword,
                  | a +0 scale mail, a potion of brilliance; and the following
                  | spell memorised: Summon Small Mammal; and the following
                  | spells available to memorise: Call Canine Familiar.
     0 | D:1      | Reached XP level 1. HP: 14/14 MP: 3/3
   146 | D:1      | Reached XP level 2. HP: 20/20 MP: 5/5
   348 | D:2      | Noticed Natasha
   357 | D:2      | Noticed a crimson imp
   358 | D:2      | Slain by Natasha

Illustrated notes

Levels and vault maps discovered:
D:1:      dpeg_arrival_arbitrary_c, layout_basic, minmay_misc_feat_room,
          hangedman_decor_lopped, dreamdust_princess_corridor
D:2:      layout_loops_cross, shapermc_ecumenical_altar_flowoftime, basic_altar,
          minmay_tiny_reverse_x, uniq_natasha

Skill      XL: |  1  2 |
---------------+-------+-----
Dodging        | 2 |  2.0
Short Blades   | |  4.6
Armour         | |  1.2
Spellcasting   | |  1.3
Summonings     | |  2.9
Invocations    | |  1.2

Action                   || total
-------------------------++-------
Melee: Short sword       ||    34
       Punch             ||     1
 Cast: Summon Small Mamm ||     1
  Use: Potion            ||     3
Armor: Scale mail        ||    22
Dodge: Dodged            ||    14

Table legend: (Time is in decaauts)
 A = Elapsed time spent in this place.
 B = Non-inter-level travel time spent in this place.
 C = Inter-level travel time spent in this place.
 D = Time resting spent in this place.
 E = Time spent auto-exploring this place.
 F = Levels seen in this place.
 G = Mean time per level.
                   A        B        C        D        E       F      G
               +--------+--------+--------+--------+--------+-----+--------+
         Total |    359 |    359 |      0 |      0 |     25 |   2 |  179.5 |
       Dungeon |    359 |    359 |      0 |      0 |     25 |   2 |  179.5 |
               +--------+--------+--------+--------+--------+-----+--------+

Top non-repeatable levels by time:
     D:1: 298 daAuts
     D:2: 60 daAuts
